Map: Pilares de oro EE

Players

Shwazer

  • Race: Zerg Zerg
  • League: Gold
  • Spawn Location: 1:00

MrFercho - Winner!

  • Race: Zerg Zerg
  • League: Silver
  • Spawn Location: 7:00

VOD

Have the link to the VOD?

Description

Time

  • Played on: July 18, 2020, 11:15 a.m.
  • Length: 13:17
Show
View Real Time Build Order
Export as new Build Order

Shwazer Zerg 

Build Orders: Pool First 

Get SALT Encoding   

  12  0:01  Drone  
  13  0:08  Drone  
  14  0:28  Spawning Pool  
  13  0:30  Extractor  
  13  0:33  Drone  
  13  0:37  Drone  
  14  0:46  Overlord  
  14  1:00  Overlord  
  14  1:04  Overlord  
  14  1:08  Drone  
  15  1:18  Queen  
  15  1:23  Drone  
  18  1:28  Zergling x2  
  19  1:42  Drone  
  20  1:59  Drone  
  21  2:03  Hatchery  
  21  2:06  Metabolic Boost  
  20  2:12  Drone  
  20  2:14  Drone  
  22  2:21  Drone  
  23  2:33  Drone  
  23  2:34  Roach Warren  
  23  2:41  Extractor, Drone x2  
  24  3:01  Drone x2  
  24  3:03  Drone  
  24  3:05  Drone x2  
  28  3:10  Lair  
  29  3:16  Zergling x2  
  30  3:20  Zergling x2  
  31  3:30  Extractor  
  31  3:32  Drone  
  31  3:33  Extractor, Drone  
  31  3:37  Spine Crawler  
  30  3:42  Queen  
  30  3:46  Zergling x2  
  33  3:56  Drone  
  33  3:58  Drone  
  35  4:09  Drone  
  36  4:13  Overlord  
  36  4:16  Overlord  
  36  4:19  Burrow  
  36  4:22  Pneumatized Carapace  
  36  4:31  Evolution Chamber  
  35  4:39  Drone x3  
  35  4:44  Zergling x6  
  41  5:01  Spire  
  41  5:07  Zerg Ground Armor Level 1  
  40  5:19  Drone x3  
  40  5:20  Drone  
  44  5:23  Drone  
  44  5:26  Drone  
  46  5:40  Drone x4  
  50  5:45  Overlord  
  50  5:48  Overlord  
  50  5:55  Drone  
  50  5:56  Drone  
  52  6:00  Glial Reconstitution  
  52  6:18  Hatchery  
  51  6:20  Drone x2  
  53  6:29  Drone x2  
  55  6:55  Drone x2, Spore Crawler x2  
  55  6:56  Spore Crawler  
  54  7:01  Spore Crawler  
  54  7:02  Drone x5, Spore Crawler x2  
  54  7:03  Drone, Spore Crawler x2  
  55  7:11  Mutalisk x2  
  55  7:14  Mutalisk  
  61  7:18  Tunneling Claws  
  61  7:22  Mutalisk  
  61  7:23  Mutalisk  
  61  7:26  Zerg Flyer Weapons Level 1  
  65  7:33  Infestation Pit  
  64  7:56  Spore Crawler  
  64  7:57  Spore Crawler  
  62  7:59  Mutalisk x3, Spore Crawler  
  62  8:00  Mutalisk x3  
  62  8:05  Drone  
  74  8:26  Overlord x4  
  74  8:27  Overlord  
  74  8:29  Overlord  
  74  8:34  Overlord  
  74  8:36  Overlord  
  74  8:44  Queen, Hive  
  76  8:54  Drone x3  
  79  8:56  Drone x4  
  79  8:58  Drone  
  79  9:00  Drone  
  79  9:02  Drone  
  86  9:04  Drone  
  87  9:29  Roach x3  
  87  9:30  Roach x6  
  94  9:59  Mutalisk  
  80  10:00  Mutalisk x3  
  62  10:16  Spine Crawler  
  62  10:18  Spine Crawler  
  62  10:19  Spine Crawler, Mutalisk  
  62  10:20  Mutalisk x7  
  72  10:32  Hatchery  
  69  10:37  Mutalisk x3  
  46  11:07  Mutalisk x4  
  46  11:08  Mutalisk x2  
  53  11:22  Drone x3  
  56  11:38  Drone  
  56  11:39  Drone  
  58  11:42  Drone x2  
  61  11:47  Drone  
  27  12:21  Drone x2  
  29  12:26  Hatchery  
  28  12:38  Drone  
  28  12:39  Drone  
  30  12:45  Drone x2  
  30  12:47  Zergling x4  
  30  12:48  Zergling x2  
Show
View Real Time Build Order
Export as new Build Order

MrFercho Zerg - Winner!

Build Orders: Hatch First 

Get SALT Encoding   

  12  0:01  Drone  
  13  0:13  Overlord  
  13  0:18  Drone  
  14  0:32  Drone x2  
  16  0:54  Hatchery  
  16  0:55  Drone  
  16  0:59  Drone  
  16  1:02  Drone  
  18  1:08  Extractor  
  17  1:19  Spawning Pool  
  17  1:21  Drone  
  17  1:26  Drone  
  17  1:30  Drone  
  19  1:40  Drone  
  20  1:51  Overlord  
  20  2:02  Drone  
  20  2:06  Queen x2  
  25  2:08  Drone  
  26  2:25  Drone x3  
  29  2:36  Metabolic Boost  
  29  2:41  Drone x3  
  32  3:06  Zergling x8  
  36  3:15  Overlord x2  
  36  3:35  Drone x3  
  36  3:36  Drone x2  
  41  3:46  Evolution Chamber  
  41  3:47  Drone  
  41  3:48  Drone x3  
  44  3:54  Queen  
  46  4:09  Extractor  
  45  4:11  Extractor  
  45  4:12  Zerg Melee Weapons Level 1  
  45  4:14  Zergling x10  
  49  4:28  Roach Warren  
  49  4:30  Drone x2  
  49  4:31  Drone  
  51  4:53  Baneling Nest  
  50  5:01  Drone  
  50  5:02  Drone  
  50  5:03  Overlord x3  
  52  5:12  Lair  
  52  5:33  Overlord x3  
  52  5:48  Pneumatized Carapace  
  52  5:59  Baneling x3  
  52  6:03  Drone  
  52  6:04  Drone x2  
  55  6:05  Drone  
  55  6:06  Drone  
  57  6:21  Hatchery  
  56  6:28  Drone x6  
  56  6:29  Drone  
  63  6:40  Extractor, Hatchery  
  63  6:43  Infestation Pit  
  59  7:03  Roach x4  
  59  7:04  Overlord x2  
  67  7:17  Zerg Melee Weapons Level 2  
  67  7:34  Roach x4  
  75  7:37  Glial Reconstitution  
  75  7:47  Evolution Chamber  
  75  7:49  Drone x9  
  75  7:50  Drone  
  84  7:53  Queen  
  86  8:15  Drone  
  86  8:16  Drone x6  
  86  8:17  Drone  
  94  8:21  Extractor  
  94  8:23  Extractor  
  92  8:29  Drone x3  
  92  8:33  Roach x6  
  107  8:38  Zerg Missile Weapons Level 1  
  107  9:07  Roach  
  107  9:08  Roach x5  
  119  9:11  Hatchery  
  111  9:21  Spore Crawler  
  111  9:23  Spore Crawler  
  100  9:25  Spore Crawler  
  100  9:28  Hydralisk Den  
  89  9:35  Drone x16  
  89  9:36  Drone x3  
  100  9:41  Spore Crawler  
  100  9:43  Spore Crawler  
  94  9:47  Spore Crawler  
  94  9:49  Spire  
  88  9:56  Hydralisk x9  
  102  10:02  Grooved Spines  
  98  10:07  Queen  
  98  10:18  Drone x3  
  98  10:21  Drone x7  
  108  10:39  Hydralisk x9  
  116  10:54  Spore Crawler  
  116  10:55  Spore Crawler  
  100  11:00  Spore Crawler  
  100  11:03  Spore Crawler  
  86  11:06  Zerg Ground Armor Level 1, Spore Crawler  
  86  11:09  Hive  
  86  11:10  Overseer  
  77  11:14  Muscular Augments  
  77  11:17  Hydralisk  
  77  11:18  Hydralisk x12  
  98  11:32  Drone  
  98  11:33  Drone x7  
  98  11:38  Overlord  
  102  12:06  Hydralisk x8  
  102  12:07  Hydralisk  
  119  12:24  Lurker Den  
  118  12:32  Hydralisk  
  118  12:33  Hydralisk x4  
  118  12:34  Overlord  
Tags
 
Matchup
ZvZ
Race
Zerg
Replay Pack
MrFercho
Spawn Locations
Cross Positions
Add a new tag
Caveats
  • Supply blocks, unpowered buildings, or Contaminate may cause inaccurate times.
  • Supply counts are checked every 10 seconds.